 Dungeon Crawl Stone Soup version 0.29.0-4-gdea44cf6ec (webtiles) character file.

Game seed: 2740610773745794321

18316 qw the Brawler (level 12, 0/118 HPs)
             Began as a Troll Cinder Acolyte on Sept 1, 2022.
             Was a Follower of Ignis.
             Headbutted by a minotaur (7 damage)
             ... in a Gauntlet.
             The game lasted 00:06:14 (9762 turns).

qw the Brawler (Troll Cinder Acolyte)               Turns: 9762, Time: 00:06:15

Health: 0/118      AC: 16    Str: 29    XL:     12   Next: 26%
Magic:  12/12      EV:  9    Int: 10    God:    Ignis [*.....]
Gold:   570        SH:  9    Dex: 11    Spells: 13/13 levels left

rFire   + . .      SeeInvis .     - Unarmed
rCold   . . .      Faith    .   p - +0 kite shield of Numa Nunef {Harm rElec}
rNeg    + . .      Spirit   .   k - +1 robe {Will+}
rPois   +          Reflect  .   (helmet restricted)
rElec   +          Harm     +   (no cloak)
rCorr   .          Rampage  .   (gloves unavailable)
Will    ++...      NoTele   +   (boots unavailable)
Stlth   +.........              a - amulet of regeneration
HPRegen 1.89/turn               r - ring "Fanoff" {rPois rN+ Dex+6}
MPRegen 0.13/turn               c - +4 ring of protection

@: fiery-armoured, unable to read
A: large, unfitting armour, claws 3, regeneration 1, shaggy fur 1, tough skin 1,
strong-willed 1, subdued magic 1, inability to read after injury 1
a: Renounce Religion, Fiery Armour, Foxfire Swarm, Rising Flame


You were in a Gauntlet.
You worshipped Ignis.
Ignis was aware of your devotion.
You visited 2 branches of the dungeon, and saw 12 of its levels.
You also visited: Gauntlet.

You collected 615 gold pieces.
You spent 45 gold pieces at shops.


Innate Abilities, Weirdness & Mutations

You are too large for most types of armour.
You have claws for hands.
Your natural rate of healing is unusually fast.
You are covered in fur. (AC +1)
You have tough skin. (AC +1)
You are strong-willed. (Will+)
Your spells are a little easier to cast, but a little less powerful.
You occasionally lose the ability to read scrolls when taking damage.


   Skills:
 - Level 7.1 Fighting
 - Level 2.4 Throwing
 - Level 2.1 Dodging
 + Level 6.6 Shields
 - Level 16.8 Unarmed Combat
 - Level 1.0 Spellcasting
 - Level 2.1 Fire Magic


You had 13 spell levels left.
You didn't know any spells.
Your spell library contained the following spells:

 Spells                   Type           Power      Damage    Failure   Level
 Scorch                   Fire           6%         2d5       36%         2

Inventory:

Missiles
 b - 6 boomerangs (quivered)
Armour
 k - a +1 robe of willpower (worn)
 p - the +0 kite shield of Numa Nunef (worn) {Harm rElec}
   (You acquired it on level 2 of the Lair of Beasts)

   rElec:     It insulates you from electricity.
   Harm:      It increases damage dealt and taken.
Jewellery
 a - an amulet of regeneration (around neck)
 c - a +4 ring of protection (right claw)
 d - a ring of protection from cold
 m - a ring of fire
 r - the ring "Fanoff" (left claw) {rPois rN+ Dex+6}
   (You found it on level 3 of the Lair of Beasts)

   [ring of dexterity]

   Dex:       It affects your dexterity (+6).
   rPois:     It protects you from poison.
   rN:        It protects you from negative energy.
 Y - a ring of poison resistance
Scrolls
 f - 4 scrolls of enchant weapon
 h - 5 scrolls of teleportation
 l - a scroll of identify
 o - a scroll of enchant armour
Potions
 e - 6 potions of curing
 g - a potion of might
 i - a potion of cancellation
 j - a potion of resistance

Dungeon Overview and Level Annotations

Branches:
Dungeon (9/15)             Temple (0/1) D:5            Lair (3/5) D:9
  Snake (0/4) Lair:2      Gauntlet (1/1)
  Swamp: Lair:2-3    Shoals: Lair:2-3       Orc: D:9-12

Altars:
Gozag
Makhleb
Okawaru
Ru

Shops:
D:3 *   D:8 (

Annotations:
Lair:1 1 runed translucent door, qw's ghost, novice TrCA Gauntlet 6 transporters, 5 runed translucent doors


Message History

You enter the transporter and appear at another place.
You open the door.
A minotaur comes into view.
It is wielding a +2 trident of freezing.
The minotaur bellows!
The minotaur throws a javelin.
The javelin pierces through you!!
Found a runed dagger.
Found a gate leading back out of this place.
9752 ||| Stepping ~*~*~tactically~*~*~ (hiding).
You start resting.
A minotaur is nearby!
9756 ||| INVOKING Fiery Armour.
Your cloak of flame flares fiercely!
The minotaur misses you.
The minotaur hits you with a +2 trident of freezing!
The minotaur freezes you!
The minotaur is burned by your cloak of flames.
The minotaur is lightly wounded.
The minotaur gores you!
You scratch the minotaur but do no damage.
The minotaur is lightly wounded.
The minotaur hits you with a +2 trident of freezing!
The minotaur freezes you. The minotaur gores you.
The minotaur is burned by your cloak of flames.
The minotaur is lightly wounded.
You barely miss the minotaur.
The minotaur is lightly wounded.
You scratch the minotaur.
The minotaur is lightly wounded.
The minotaur hits you with a +2 trident of freezing!!
You feel threatened and lose the ability to read scrolls!
The minotaur freezes you! The minotaur barely misses you.
You scratch the minotaur.
The minotaur is lightly wounded.
The minotaur hits you with a +2 trident of freezing.
The minotaur freezes you.
The minotaur is burned by your cloak of flames.
The minotaur is moderately wounded.
The minotaur closely misses you.
You completely miss the minotaur.
The minotaur furiously retaliates!
The minotaur headbutts you.
You die...

...............#
.}.}.^.^.}.}.}.#
................#
###.###.###.#####
#.###.###.###
..........#
#.###.###.#
.###.###.###.#
.......@.....#
######H#######
... ###. .. ~\
~~~ ###


You could see a minotaur.

Vanquished Creatures
  A balrug (Gauntlet)
  A slime creature (Gauntlet)
  A boulder beetle (D:9)
  A two-headed ogre (D:9)
  3 elephants (Lair:1)
  2 black mambas
  A smoke demon (Gauntlet)
  6 cane toads
  A komodo dragon (Lair:3)
  3 rime drakes
  A polar bear (Lair:2)
  Prince Ribbit (D:6)
  5 blink frogs (Lair:1)
  A wraith (D:9)
  A shadow (D:9)
  22 yaks
  3 steam dragons
  2 nagas (Lair:2)
  2 wargs (D:9)
  7 water moccasins
  3 orc warriors
  A sky beast (D:7)
  An ice beast (D:6)
  2 black bears (D:6)
  6 wolves
  A centaur (D:9)
  2 phantoms (D:5)
  2 kobold brigands
  8 bullfrogs
  A necrophage (D:7)
  6 scorpions
  8 wights (D:8)
  10 killer bees
  3 crimson imps (Gauntlet)
  4 hounds
  9 orc priests
  4 jellies
  A gnoll bouda (D:8)
  5 iguanas
  9 orc wizards
  Robin (D:2)
  4 gnolls (D:8)
  8 adders
  2 shadow imps (D:7)
  A white imp (D:6)
  5 ufetubi
  A worm (D:2)
  5 dart slugs
  29 orcs
  7 endoplasms
  3 giant cockroaches (D:3)
  14 goblins
  5 hobgoblins
  11 kobolds
  2 quokkas (D:1)
  9 ball pythons
  4 bats
  4 frilled lizards
  7 rats
273 creatures vanquished.

Vanquished Creatures (others)
  11 fungi
  12 plants
23 creatures vanquished.

Grand Total: 296 creatures vanquished

Notes
Turn   | Place    | Note
-------+----------+-------------------------------------------
     0 | D:1      | qw the Troll Cinder Acolyte began the quest for the Orb.
     0 | D:1      | Reached XP level 1. HP: 22/22 MP: 1/1
     0 | D:1      | 0 ||| qw: Version: 0.1-a-97-g2dd2ca4
     0 | D:1      | 0 ||| qw: Game counter: 4748
     0 | D:1      | 0 ||| qw: Always use a shield: true
     0 | D:1      | 0 ||| qw: God list: Okawaru
     0 | D:1      | 0 ||| qw: Allow faded altars: false
     0 | D:1      | 0 ||| qw: Do Orc after D:15 true
     0 | D:1      | 0 ||| qw: Do second Lair branch before Depths: true
     0 | D:1      | 0 ||| qw: Lair rune preference: random
     0 | D:1      | 0 ||| qw: Plans: Normal
     0 | D:1      | 0 ||| PLANNING D:1-11
    50 | D:1      | 50 ||| Stepping ~*~*~tactically~*~*~ (stealth).
   100 | D:1      | Reached XP level 2. HP: 29/29 MP: 2/2
   198 | D:1      | 198 ||| Stepping ~*~*~tactically~*~*~ (stealth).
   213 | D:1      | 213 ||| Stepping ~*~*~tactically~*~*~ (stealth).
   218 | D:1      | Found a faded altar of an unknown god.
   531 | D:1      | 531 ||| UPGRADING to ring of poison resistance.
   532 | D:1      | 532 ||| READING 2 scrolls labelled USELAE LOROJI.
   533 | D:1      | 533 ||| READING scroll labelled EHUH UGEGEOLIY.
   534 | D:1      | 534 ||| READING scroll labelled DOOFAP MAJOANI.
   539 | D:1      | 539 ||| DRINKING 2 golden potions.
   540 | D:1      | 540 ||| DROPPING scroll of summoning.
   560 | D:2      | 560 ||| STAIRDANCE
   568 | D:2      | Reached skill level 4 in Unarmed Combat
   591 | D:2      | 591 ||| INVOKING Fiery Armour.
   593 | D:2      | Reached XP level 3. HP: 20/36 MP: 3/3
   636 | D:2      | 636 ||| Stepping ~*~*~tactically~*~*~ (stealth).
   649 | D:2      | 649 ||| Stepping ~*~*~tactically~*~*~ (stealth).
   653 | D:2      | Noticed Robin
   654 | D:2      | 654 ||| Stepping ~*~*~tactically~*~*~ (hiding).
   661 | D:2      | Killed Robin
   664 | D:2      | Reached XP level 4. HP: 44/44 MP: 4/4
   666 | D:2      | 666 ||| Stepping ~*~*~tactically~*~*~ (stealth).
   670 | D:2      | Reached skill level 5 in Unarmed Combat
   688 | D:2      | 688 ||| Stepping ~*~*~tactically~*~*~ (stealth).
   695 | D:2      | 695 ||| Stepping ~*~*~tactically~*~*~ (hiding).
   696 | D:2      | 696 ||| Stepping ~*~*~tactically~*~*~ (hiding).
   706 | D:2      | 706 ||| Stepping ~*~*~tactically~*~*~ (stealth).
   772 | D:2      | 772 ||| Stepping ~*~*~tactically~*~*~ (stealth).
   828 | D:2      | 828 ||| Stepping ~*~*~tactically~*~*~ (stealth).
   833 | D:2      | 833 ||| Stepping ~*~*~tactically~*~*~ (stealth).
   835 | D:2      | 835 ||| Stepping ~*~*~tactically~*~*~ (stealth).
   841 | D:2      | 841 ||| Stepping ~*~*~tactically~*~*~ (stealth).
  1004 | D:2      | 1004 ||| READING scroll labelled NYKOYV ERYNEFF.
  1005 | D:2      | 1005 ||| READING scroll labelled SASTRU QIJIEBA.
  1006 | D:2      | 1006 ||| READING scroll labelled PIDUOS ZIAMI.
  1007 | D:2      | 1007 ||| READING scroll labelled OHIORA OMEIFAI.
  1075 | D:3      | 1075 ||| Stepping ~*~*~tactically~*~*~ (outnumbered).
  1117 | D:3      | 1117 ||| Stepping ~*~*~tactically~*~*~ (stealth).
  1118 | D:3      | 1118 ||| Stepping ~*~*~tactically~*~*~ (stealth).
  1156 | D:3      | Identified the +1 chain mail of Vaus {Rampage rCorr Str-2
                  | Stlth+}
  1443 | D:3      | Found Irroiph's Assorted Antiques.
  1451 | D:3      | 1451 ||| BUYING black potion (21 gold).
  1451 | D:3      | Bought a black potion for 21 gold pieces
  1451 | D:3      | 1451 ||| BUYING scroll labelled BANLEN ZOAS (24 gold).
  1451 | D:3      | Bought a scroll labelled BANLEN ZOAS for 24 gold pieces
  1451 | D:3      | 1451 ||| SHOPLISTING scroll of teleportation (72 gold, have
                  | 43).
  1487 | D:3      | Reached skill level 6 in Unarmed Combat
  1487 | D:3      | Reached XP level 5. HP: 48/50 MP: 5/5
  1685 | D:3      | 1685 ||| Stepping ~*~*~tactically~*~*~ (stealth).
  1717 | D:3      | 1717 ||| FLEEEEING.
  1718 | D:3      | 1718 ||| FLEEEEING.
  1719 | D:3      | 1719 ||| FLEEEEING.
  1720 | D:3      | 1720 ||| FLEEEEING.
  1957 | D:3      | 1957 ||| READING scroll labelled BANLEN ZOAS.
  2110 | D:4      | Reached skill level 7 in Unarmed Combat
  2110 | D:4      | Reached XP level 6. HP: 42/59 MP: 6/6
  2638 | D:4      | Reached skill level 8 in Unarmed Combat
  2638 | D:4      | Reached XP level 7. HP: 51/66 MP: 7/7
  2866 | D:4      | 2866 ||| READING scroll labelled NER BUEFEPABB.
  2867 | D:4      | 2867 ||| READING scroll labelled RUKHIU GAOGENG.
  2921 | D:5      | Entered Level 5 of the Dungeon
  2947 | D:5      | Found a staircase to the Ecumenical Temple.
  2997 | D:5      | Reached skill level 3 in Fighting
  3038 | D:5      | 3038 ||| Stepping ~*~*~tactically~*~*~ (stealth).
  3039 | D:5      | 3039 ||| Stepping ~*~*~tactically~*~*~ (stealth).
  3081 | D:5      | 3081 ||| Stepping ~*~*~tactically~*~*~ (outnumbered).
  3129 | D:5      | 3129 ||| Stepping ~*~*~tactically~*~*~ (hiding).
  3166 | D:5      | Identified the +1 pair of boots "Ycrokh" {-Tele Dex+3
                  | Slay+2 SInv}
  3193 | D:5      | 3193 ||| FLEEEEING.
  3194 | D:5      | 3194 ||| FLEEEEING.
  3197 | D:5      | 3197 ||| FLEEEEING.
  3232 | D:5      | 3232 ||| Stepping ~*~*~tactically~*~*~ (stealth).
  3250 | D:5      | 3250 ||| Stepping ~*~*~tactically~*~*~ (stealth).
  3251 | D:5      | 3251 ||| Stepping ~*~*~tactically~*~*~ (stealth).
  3263 | D:5      | Reached skill level 9 in Unarmed Combat
  3565 | D:5      | Reached skill level 1 in Dodging
  3612 | D:5      | Reached XP level 8. HP: 75/75 MP: 8/8
  3913 | D:5      | 3913 ||| UPGRADING to +1 robe of willpower.
  3923 | D:5      | 3923 ||| DROPPING +0 robe.
  3924 | D:5      | 3924 ||| DRINKING 2 fuming grey potions.
  3925 | D:5      | 3925 ||| DRINKING 3 sedimented sapphire potions.
  3926 | D:5      | 3926 ||| DROPPING potion of attraction.
  4031 | D:6      | 4031 ||| Stepping ~*~*~tactically~*~*~ (outnumbered).
  4037 | D:6      | Reached skill level 10 in Unarmed Combat
  4137 | D:6      | Found an iron altar of Okawaru.
  4137 | D:6      | Found a sacrificial altar of Ru.
  4190 | D:6      | Found a burning altar of Makhleb.
  4190 | D:6      | Found an opulent altar of Gozag.
  4193 | D:6      | 4193 ||| UPGRADING to amulet of regeneration.
  4198 | D:6      | 4198 ||| READING scroll labelled PIGAFO GYSU.
  4199 | D:6      | 4199 ||| READING 3 scrolls of teleportation.
  4272 | D:6      | 4272 ||| Stepping ~*~*~tactically~*~*~ (stealth).
  4273 | D:6      | 4273 ||| Stepping ~*~*~tactically~*~*~ (stealth).
  4499 | D:6      | Noticed Prince Ribbit
  4502 | D:6      | Killed Prince Ribbit
  4503 | D:6      | Reached skill level 11 in Unarmed Combat
  4603 | D:7      | 4603 ||| Stepping ~*~*~tactically~*~*~ (stealth).
  4604 | D:7      | 4604 ||| Stepping ~*~*~tactically~*~*~ (stealth).
  4619 | D:7      | 4619 ||| Stepping ~*~*~tactically~*~*~ (hiding).
  4628 | D:7      | Reached XP level 9. HP: 81/84 MP: 9/9
  4895 | D:7      | 4895 ||| INVOKING Fiery Armour.
  4902 | D:7      | Reached skill level 12 in Unarmed Combat
  5032 | D:7      | 5032 ||| UPGRADING to +4 ring of protection.
  5033 | D:7      | 5033 ||| DRINKING 2 orange potions.
  5033 | D:7      | Gained mutation: You occasionally lose the ability to read
                  | scrolls when taking damage. [potion of mutation]
  5033 | D:7      | Gained mutation: You possess an exceptional clarity of
                  | mind. [potion of mutation]
  5033 | D:7      | Gained mutation: Your spells are a little harder to cast,
                  | but a little more powerful. [potion of mutation]
  5033 | D:7      | Gained mutation: You are agile. (Dex +4, Str/Int -1)
                  | [potion of mutation]
  5034 | D:7      | 5034 ||| DRINKING potion of mutation.
  5034 | D:7      | Lost mutation: Your spells are a little harder to cast, but
                  | a little more powerful. [potion of mutation]
  5034 | D:7      | Lost mutation: You possess an exceptional clarity of mind.
                  | [potion of mutation]
  5034 | D:7      | Gained mutation: You are strong-willed. (Will+) [potion of
                  | mutation]
  5034 | D:7      | Lost mutation: You are agile. (Dex +4, Str/Int -1) [potion
                  | of mutation]
  5034 | D:7      | Gained mutation: Your spells are a little easier to cast,
                  | but a little less powerful. [potion of mutation]
  5035 | D:7      | 5035 ||| READING 2 scrolls of identify.
  5035 | D:7      | 5035 ||| IDENTIFYING black potion
  5036 | D:7      | 5036 ||| DROPPING potion of flight.
  5058 | D:8      | 5058 ||| STAIRDANCE
  5065 | D:8      | 5065 ||| STAIRDANCE
  5103 | D:8      | 5103 ||| Stepping ~*~*~tactically~*~*~ (hiding).
  5186 | D:8      | Found Bumyup's Antique Weapon Emporium.
  5223 | D:8      | 5223 ||| Stepping ~*~*~tactically~*~*~ (outnumbered).
  5387 | D:8      | 5387 ||| Stepping ~*~*~tactically~*~*~ (outnumbered).
  6137 | D:8      | 6137 ||| Stepping ~*~*~tactically~*~*~ (stealth).
  6141 | D:8      | 6141 ||| Stepping ~*~*~tactically~*~*~ (stealth).
  6146 | D:8      | 6146 ||| Stepping ~*~*~tactically~*~*~ (stealth).
  6149 | D:8      | 6149 ||| Stepping ~*~*~tactically~*~*~ (stealth).
  6150 | D:8      | 6150 ||| Stepping ~*~*~tactically~*~*~ (stealth).
  6161 | D:8      | 6161 ||| Stepping ~*~*~tactically~*~*~ (outnumbered).
  6162 | D:8      | 6162 ||| Stepping ~*~*~tactically~*~*~ (outnumbered).
  6164 | D:8      | 6164 ||| Stepping ~*~*~tactically~*~*~ (outnumbered).
  6238 | D:8      | 6238 ||| Stepping ~*~*~tactically~*~*~ (hiding).
  6245 | D:8      | 6245 ||| INVOKING Fiery Armour.
  6250 | D:8      | Reached skill level 13 in Unarmed Combat
  6250 | D:8      | 6250 ||| Stepping ~*~*~tactically~*~*~ (hiding).
  6253 | D:8      | 6253 ||| FLEEEEING.
  6256 | D:8      | 6256 ||| FLEEEEING.
  6257 | D:8      | 6257 ||| FLEEEEING.
  6258 | D:8      | 6258 ||| FLEEEEING.
  6261 | D:8      | 6261 ||| FLEEEEING.
  6262 | D:8      | 6262 ||| FLEEEEING.
  6263 | D:8      | 6263 ||| FLEEEEING.
  6264 | D:8      | 6264 ||| FLEEEEING.
  6265 | D:8      | 6265 ||| FLEEEEING.
  6266 | D:8      | 6266 ||| FLEEEEING.
  6290 | D:8      | 6290 ||| Stepping ~*~*~tactically~*~*~ (hiding).
  6312 | D:8      | 6312 ||| Stepping ~*~*~tactically~*~*~ (stealth).
  6313 | D:8      | 6313 ||| Stepping ~*~*~tactically~*~*~ (stealth).
  6443 | D:8      | 6443 ||| READING scroll labelled JEIPUR EPLEL.
  6444 | D:8      | 6444 ||| READING 3 scrolls of identify.
  6444 | D:8      | 6444 ||| IDENTIFYING bubbling orange potion
  6445 | D:8      | 6445 ||| READING 2 scrolls of identify.
  6445 | D:8      | 6445 ||| IDENTIFYING glowing yellow potion
  6446 | D:8      | 6446 ||| DROPPING potion of ambrosia.
  6469 | D:9      | 6469 ||| Stepping ~*~*~tactically~*~*~ (stealth).
  6475 | D:9      | 6475 ||| Stepping ~*~*~tactically~*~*~ (stealth).
  6476 | D:9      | 6476 ||| Stepping ~*~*~tactically~*~*~ (outnumbered).
  6477 | D:9      | 6477 ||| Stepping ~*~*~tactically~*~*~ (outnumbered).
  6478 | D:9      | 6478 ||| Stepping ~*~*~tactically~*~*~ (outnumbered).
  6479 | D:9      | 6479 ||| Stepping ~*~*~tactically~*~*~ (outnumbered).
  6480 | D:9      | 6480 ||| Stepping ~*~*~tactically~*~*~ (outnumbered).
  6481 | D:9      | 6481 ||| STAIRDANCE
  6489 | D:8      | Reached XP level 10. HP: 85/96 MP: 10/10
  6497 | D:9      | 6497 ||| STAIRDANCE
  6503 | D:9      | 6503 ||| Stepping ~*~*~tactically~*~*~ (outnumbered).
  6504 | D:9      | 6504 ||| Stepping ~*~*~tactically~*~*~ (outnumbered).
  6505 | D:9      | 6505 ||| Stepping ~*~*~tactically~*~*~ (outnumbered).
  6506 | D:9      | 6506 ||| Stepping ~*~*~tactically~*~*~ (outnumbered).
  6507 | D:9      | 6507 ||| Stepping ~*~*~tactically~*~*~ (outnumbered).
  6508 | D:9      | 6508 ||| Stepping ~*~*~tactically~*~*~ (outnumbered).
  6509 | D:9      | 6509 ||| Stepping ~*~*~tactically~*~*~ (outnumbered).
  6510 | D:9      | 6510 ||| Stepping ~*~*~tactically~*~*~ (outnumbered).
  6511 | D:9      | 6511 ||| Stepping ~*~*~tactically~*~*~ (outnumbered).
  6512 | D:9      | 6512 ||| Stepping ~*~*~tactically~*~*~ (outnumbered).
  6513 | D:9      | 6513 ||| Stepping ~*~*~tactically~*~*~ (outnumbered).
  6514 | D:9      | 6514 ||| INVOKING Fiery Armour.
  6515 | D:9      | 6515 ||| Stepping ~*~*~tactically~*~*~ (outnumbered).
  6516 | D:9      | 6516 ||| Stepping ~*~*~tactically~*~*~ (outnumbered).
  6517 | D:9      | 6517 ||| Stepping ~*~*~tactically~*~*~ (outnumbered).
  6518 | D:9      | 6518 ||| Stepping ~*~*~tactically~*~*~ (outnumbered).
  6590 | D:9      | Noticed a boulder beetle
  6608 | D:9      | HP: 20/96 [boulder beetle (9)]
  6609 | D:9      | 6609 ||| READING 4 scrolls of teleportation.
  6610 | D:9      | 6610 ||| DRINKING 2 potions of heal wounds.
  6612 | D:9      | Killed a boulder beetle
  6613 | D:9      | Reached skill level 14 in Unarmed Combat
  6735 | D:9      | 6735 ||| Stepping ~*~*~tactically~*~*~ (hiding).
  6736 | D:9      | 6736 ||| Stepping ~*~*~tactically~*~*~ (hiding).
  6743 | D:9      | 6743 ||| Stepping ~*~*~tactically~*~*~ (hiding).
  6745 | D:9      | 6745 ||| Stepping ~*~*~tactically~*~*~ (hiding).
  6756 | D:9      | Found a staircase to the Lair.
  6760 | D:9      | 6760 ||| Stepping ~*~*~tactically~*~*~ (outnumbered).
  6776 | D:9      | 6776 ||| FLEEEEING.
  6780 | D:9      | Reached skill level 6 in Fighting
  6814 | D:9      | Noticed a two-headed ogre
  6823 | D:9      | 6823 ||| INVOKING Fiery Armour.
  6824 | D:9      | Killed a two-headed ogre
  6831 | D:9      | 6831 ||| Stepping ~*~*~tactically~*~*~ (outnumbered).
  6836 | D:9      | Reached skill level 15 in Unarmed Combat
  7199 | D:9      | 7199 ||| Stepping ~*~*~tactically~*~*~ (hiding).
  7425 | D:9      | 7425 ||| PLANNING LAIR
  7425 | D:9      | 7425 ||| READING 2 scrolls labelled OGAZXEJOPE.
  7426 | D:9      | 7426 ||| DROPPING scroll of fear.
  7455 | Lair:1   | Entered Level 1 of the Lair of Beasts
  7456 | Lair:1   | Found a runed translucent door.
  7458 | Lair:1   | Noticed qw's ghost (novice TrCA)
  7460 | Lair:1   | Identified the +3 trident of Courage {drain, Fly rPois
                  | Int-2}
  7498 | Lair:1   | Noticed a cane toad
  7510 | Lair:1   | Killed a cane toad
  7573 | Lair:1   | 7573 ||| Stepping ~*~*~tactically~*~*~ (stealth).
  7577 | Lair:1   | 7577 ||| INVOKING Fiery Armour.
  7581 | Lair:1   | Reached XP level 11. HP: 98/105 MP: 11/11
  7642 | Lair:1   | 7642 ||| Stepping ~*~*~tactically~*~*~ (stealth).
  7879 | Lair:1   | Reached skill level 16 in Unarmed Combat
  8051 | Lair:1   | 8051 ||| Stepping ~*~*~tactically~*~*~ (stealth).
  8052 | Lair:1   | 8052 ||| INVOKING Fiery Armour.
  8392 | Lair:1   | 8392 ||| DROPPING orb of light.
  8430 | Lair:2   | 8430 ||| Stepping ~*~*~tactically~*~*~ (stealth).
  8575 | Lair:2   | 8575 ||| Stepping ~*~*~tactically~*~*~ (hiding).
  8594 | Lair:2   | Identified the +4 chain mail of the Bull {Contam rPois rN+
                  | Regen+}
  8690 | Lair:2   | 8690 ||| Stepping ~*~*~tactically~*~*~ (hiding).
  8691 | Lair:2   | 8691 ||| Stepping ~*~*~tactically~*~*~ (hiding).
  8693 | Lair:2   | 8693 ||| Stepping ~*~*~tactically~*~*~ (hiding).
  8703 | Lair:2   | Found a staircase to the Snake Pit.
  9110 | Lair:2   | 9110 ||| READING scroll labelled QECHUU RERAGAM.
  9110 | Lair:2   | Identified a scroll of acquirement
  9110 | Lair:2   | 9110 ||| ACQUIRING +0 kite shield of Numa Nunef {Harm
                  | rElec}
  9110 | Lair:2   | Acquired the +0 kite shield of Numa Nunef {Harm rElec}
  9112 | Lair:2   | 9112 ||| UPGRADING to +0 kite shield of Numa Nunef {Harm
                  | rElec}.
  9117 | Lair:2   | 9117 ||| READING 3 scrolls of identify.
  9117 | Lair:2   | 9117 ||| IDENTIFYING fuming pink potion
  9118 | Lair:2   | 9118 ||| READING 2 scrolls of identify.
  9118 | Lair:2   | 9118 ||| IDENTIFYING coppery potion
  9133 | Lair:3   | 9133 ||| PLANNING GAUNTLET
  9133 | Lair:3   | 9133 ||| INVOKING Fiery Armour.
  9135 | Lair:3   | 9135 ||| STAIRDANCE
  9139 | Lair:2   | Reached skill level 1 in Shields
  9154 | Lair:3   | 9154 ||| Stepping ~*~*~tactically~*~*~ (stealth).
  9160 | Lair:3   | 9160 ||| Stepping ~*~*~tactically~*~*~ (stealth).
  9161 | Lair:3   | 9161 ||| Stepping ~*~*~tactically~*~*~ (stealth).
  9165 | Lair:3   | 9165 ||| Stepping ~*~*~tactically~*~*~ (outnumbered).
  9180 | Lair:3   | 9180 ||| Stepping ~*~*~tactically~*~*~ (hiding).
  9187 | Lair:3   | Reached skill level 3 in Shields
  9188 | Lair:3   | 9188 ||| Stepping ~*~*~tactically~*~*~ (stealth).
  9192 | Lair:3   | 9192 ||| FLEEEEING.
  9193 | Lair:3   | 9193 ||| STAIRDANCE
  9203 | Lair:3   | 9203 ||| STAIRDANCE
  9214 | Lair:3   | 9214 ||| STAIRDANCE
  9216 | Lair:2   | 9216 ||| Stepping ~*~*~tactically~*~*~ (outnumbered).
  9217 | Lair:2   | 9217 ||| Stepping ~*~*~tactically~*~*~ (outnumbered).
  9218 | Lair:2   | 9218 ||| Stepping ~*~*~tactically~*~*~ (outnumbered).
  9219 | Lair:2   | 9219 ||| Stepping ~*~*~tactically~*~*~ (outnumbered).
  9238 | Lair:3   | 9238 ||| STAIRDANCE
  9244 | Lair:3   | 9244 ||| STAIRDANCE
  9261 | Lair:3   | 9261 ||| STAIRDANCE
  9298 | Lair:3   | Reached XP level 12. HP: 74/118 MP: 12/12
  9330 | Lair:3   | Identified the +3 trident of Voracious Expedience {venom,
                  | Str+3}
  9348 | Lair:3   | 9348 ||| Stepping ~*~*~tactically~*~*~ (stealth).
  9374 | Lair:3   | Identified the ring "Fanoff" {rPois rN+ Dex+6}
  9394 | Lair:3   | Found a gate leading to a gauntlet.
  9395 | Lair:3   | 9395 ||| UPGRADING to ring "Fanoff" {rPois rN+ Dex+6}.
  9397 | Lair:3   | 9397 ||| DRINKING 2 fuming puce potions.
  9439 | Lair:3   | 9439 ||| READING 2 scrolls of identify.
  9439 | Lair:3   | 9439 ||| IDENTIFYING bubbling ruby potion
  9440 | Lair:3   | 9440 ||| DROPPING potion of brilliance.
  9441 | Lair:3   | 9441 ||| DROPPING potion of lignification.
  9450 | Gauntlet | Entered a Gauntlet
  9450 | Gauntlet | Found a transporter.
  9450 | Gauntlet | Found a transporter.
  9450 | Gauntlet | Found a runed translucent gate.
  9450 | Gauntlet | Found a runed translucent gate.
  9450 | Gauntlet | Found a runed translucent gate.
  9458 | Gauntlet | Found a transporter.
  9462 | Gauntlet | Found a transporter.
  9466 | Gauntlet | Found a runed translucent door.
  9466 | Gauntlet | Found a runed translucent door.
  9470 | Gauntlet | Found a transporter.
  9474 | Gauntlet | Found a transporter.
  9479 | Gauntlet | Noticed a catoblepas
  9482 | Gauntlet | Found a transporter.
  9495 | Gauntlet | Found a transporter.
  9499 | Gauntlet | Noticed a balrug
  9513 | Gauntlet | Found a transporter.
  9517 | Gauntlet | Found a transporter.
  9528 | Gauntlet | Found a transporter.
  9529 | Gauntlet | Found a transporter.
  9576 | Gauntlet | Reached skill level 6 in Shields
  9623 | Gauntlet | 9623 ||| Stepping randomly (stuck).
  9624 | Gauntlet | 9624 ||| Stepping randomly (stuck).
  9625 | Gauntlet | 9625 ||| Stepping randomly (stuck).
  9626 | Gauntlet | 9626 ||| Stepping randomly (stuck).
  9627 | Gauntlet | 9627 ||| Stepping randomly (stuck).
  9628 | Gauntlet | 9628 ||| Stepping randomly (stuck).
  9629 | Gauntlet | 9629 ||| Stepping randomly (stuck).
  9630 | Gauntlet | 9630 ||| Stepping randomly (stuck).
  9634 | Gauntlet | HP: 27/118 [enormous slime creature (91)]
  9635 | Gauntlet | 9635 ||| DRINKING potion of heal wounds.
  9636 | Gauntlet | 9636 ||| INVOKING Fiery Armour.
  9643 | Gauntlet | HP: 19/118 [enormous slime creature (8)]
  9715 | Gauntlet | Killed a balrug
  9732 | Gauntlet | 9732 ||| DROPPING ring of willpower.
  9751 | Gauntlet | Noticed a minotaur
  9752 | Gauntlet | 9752 ||| Stepping ~*~*~tactically~*~*~ (hiding).
  9756 | Gauntlet | 9756 ||| INVOKING Fiery Armour.
  9760 | Gauntlet | HP: 23/118 [minotaur/+2 trident of freezing (21)]
  9761 | Gauntlet | HP: 9/118 [minotaur/+2 trident of freezing (6)]
  9762 | Gauntlet | Headbutted by a minotaur

Levels and vault maps discovered:
D:1:      psy_arrival_heroes, layout_basic,
          chequers_ecumenical_altar_simple_redux,
          chequers_serial_rivers_small_3, minmay_tripent
D:2:      layout_rooms, uniq_robin
D:3:      layout_basic, serial_shops, nicolae_shop_trees,
          kennysheep_generic_room_2
D:4:      layout_basic
D:5:      layout_basic, minmay_temple_entry_wispy
D:6:      layout_basic, gammafunk_temple_overflow_statue, jmf_multi_god_temple,
          uniq_prince_ribbit1
D:7:      layout_cave_pools
D:8:      layout_basic, serial_shops, shop, enter_bailey_8
D:9:      layout_long_grid, erik_lair_orcish_takeover
Lair:1:   layout_regular_city, ebering_ghost_funeral_grove, lemuel_fruit_tree
Lair:2:   layout_loops_ring, guppyfry_snake_entry_garden, st_stairs_6,
          chequers_serial_rivers_micro_e
Lair:3:   layout_chaotic_city, skrybe_swamp_entry_bodies,
          gauntlet_entry_generic, grunt_megastairs_3
Gauntlet: minmay_gauntlet_77_indecision [minmay_gauntlet_arena_77_run_for_it,
          minmay_gauntlet_arena_77_checkered,
          minmay_gauntlet_arena_77_shame_cube, minmay_gauntlet_arena_77_fan,
          minmay_gauntlet_arena_77_mirror,
          minmay_gauntlet_arena_77_radiant_squares, gauntlet_exit_watery]

Skill      XL: |  1  2  3  4  5  6  7  8  9 10 11 12 |
---------------+-------------------------------------+-----
Unarmed Combat | 4 6 7 8 9 11 13 15 16 | 16.8
Fighting       | 3 4 5 6 7 |  7.1
Dodging        | 1 2 |  2.1
Shields        | 5 6 |  6.6
Throwing       | 2 |  2.4
Spellcasting   | |  1.0
Fire Magic     | |  2.1

Action                   |  1- 3 |  4- 6 |  7- 9 | 10-12 || total
-------------------------+-------+-------+-------+-------++-------
Melee: Unarmed           |    46 |   206 |   281 |   329 ||   862
       Punch             |     1 |       |     6 |    13 ||    20
Throw: Boomerang         |       |       |     2 |       ||     2
Invok: Fiery Armour      |     1 |       |     2 |     7 ||    10
  Use: Scroll            |     3 |     5 |     8 |     6 ||    22
       Potion            |     1 |       |     4 |     3 ||     8
Armor: Robe              |    11 |    64 |    66 |    79 ||   220
Dodge: Dodged            |    10 |    74 |   100 |   101 ||   285
Block: Kite shield       |       |       |       |    35 ||    35

Table legend:
 A = Non-vault XP
 B = Vault XP
 C = Vault XP percentage of total XP
 D = Non-vault monster count
 E = Vault monster count
 F = Vault count percentage of total count
                 A         B        C        D         E       F
            +---------+---------+-------+---------+---------+-------
      Total |   21990 |    4176 |  16.0 |     233 |      40 |  14.7
            +---------+---------+-------+---------+---------+-------
        D:1 |      23 |       3 |  11.5 |      14 |       2 |  12.5
        D:2 |      66 |      31 |  32.0 |      13 |      10 |  43.5
        D:3 |     167 |      17 |   9.2 |      27 |       3 |  10.0
        D:4 |     458 |       0 |   0.0 |      23 |       0 |   0.0
        D:5 |     812 |       0 |   0.0 |      22 |       0 |   0.0
        D:6 |     725 |     425 |  37.0 |      15 |       3 |  16.7
        D:7 |    1030 |       0 |   0.0 |      14 |       0 |   0.0
        D:8 |    2009 |       0 |   0.0 |      35 |       0 |   0.0
        D:9 |    4010 |     663 |  14.2 |      21 |      10 |  32.3
     Lair:1 |    4655 |       0 |   0.0 |      17 |       0 |   0.0
     Lair:2 |    3983 |     721 |  15.3 |      19 |       3 |  13.6
     Lair:3 |    3028 |     411 |  12.0 |      12 |       1 |   7.7
   Gauntlet |    1024 |    1905 |  65.0 |       1 |       8 |  88.9
            +---------+---------+-------+---------+---------+-------
